[Event "*** SCC Grand Prix: Titled Tuesday Blitz"]
[Site "Chess.com"]
[Date "2020.07.07"]
[Round "5"]
[White "FMKonstantin_Twitch"]
[Black "BogdanDeac"]
[Result "1-0"]
[WhiteElo "2575"]
[BlackElo "2796"]
[TimeControl "180+1"]
[EndTime "10:56:15 PDT"]
[Termination "FMKonstantin_Twitch won by resignation"]

1. Nf3 d5 2. g3 Nf6 3. Bg2 e6 4. O-O Be7 5. d3 O-O 6. c4 c5 7. b3 d4 8. e3 Nc6 9. exd4 cxd4 10.
Bb2 e5 11. Re1 Nd7 12. a3 a5 13. Nbd2 Re8 14. Qc2 Bf8 15. Re2 f6 16. Rae1 Nc5 17.
Nh4 g5 18. Bd5+ Kh8 19. Nhf3 Bf5 20. Ne4 Nxe4 21. Bxe4 Bg4 22. h4 Bxf3 23. Bxf3 gxh4 24. Re4 hxg3 25. fxg3 f5 26. Rh4 Re7 27. Qh2 Qd6 28.
Qh3 Rg7 29. Kh2 Qf6 30. Rh5 f4 31. Be4 fxg3+ 32. Kh1 g2+ 33. Kg1 Qf7 34. Bc1 Bd6 35. Bh6 Rgg8 36. Bg5 Rg7 37. Bh6 Rg6 38. Bxg6 Qxg6 39.
Rg5 Qf7 40. Bg7+ Qxg7 41. Rxg7 Kxg7 42. Qxg2+ Kf6 43. Rf1+ Ke6 44. Qd5+ Kd7 45. Rf7+ Ne7 46. Qxb7+ 1-0

[Event "*** SCC Grand Prix: Titled Tuesday Blitz"]
[Site "Chess.com"]
[Date "2020.07.07"]
[Round "5"]
[White "JonahWillow"]
[Black "RestartingChess"]
[Result "1-0"]
[WhiteElo "2689"]
[BlackElo "2494"]
[TimeControl "180+1"]
[EndTime "10:56:15 PDT"]
[Termination "JonahWillow won by resignation"]

1. e4 d5 2. exd5 Qxd5 3. Nc3 Qd6 4. d4 Nf6 5. Nf3 Nc6 6. d5 Nb4 7. Bc4 Bf5 8. Nd4 Qe5+ 9. Be3 O-O-O 10. Nxf5 Qxf5 11.
O-O Nbxd5 12. Nxd5 Nxd5 13. Bd3 Qf6 14. Bxa7 e6 15. a4 Nb4 16. a5 Bd6 17. a6 bxa6 18. Qg4 Qf4 19. Qxf4 Bxf4 20. Bxa6+ Nxa6 21. Rxa6 Kb7 22. Ra4 Be5 23. Be3 Ra8 24. Rb4+ Kc8 25. Rd1 Rd8 26. Rxd8+ Kxd8 27. f4 Bd6 28. Rb7 Kc8 29. Rb3 Ra1+ 30. Kf2 Kd7 31. Rb7 Rb1 32. Rb3 h6 33. g3 Kc6 34. Kf3 Rf1+ 35. Ke4 Rh1 36. Rc3+ Kd7 37. h4 f5+ 38. Kf3 Rf1+ 39. Ke2 Rh1 40. Bd4 Rh2+ 41. Kf3 g6 42. Bg1 Rd2 43. Be3 Rd1 44. Rb3 e5 45. fxe5 Bxe5 46. Bxh6 Rg1 47. Bf4 Bd6 48. Rd3 Ke6 49. Bxd6 cxd6 50. b4 Rb1 51.
Rb3 Rxb3+ 52. cxb3 Kd5 53. Ke3 Kc6 54. Kd4 Kb5 55.
Kd5 Kxb4 56. Kxd6 Kxb3 57. Ke5 Kc3 58. Kf6 Kd4 59. Kxg6 Ke5 60. h5 f4 61. gxf4+ Kxf4 62. h6 1-0

[Event "*** SCC Grand Prix: Titled Tuesday Blitz"]
[Site "Chess.com"]
[Date "2020.07.07"]
[Round "5"]
[White "Varshi_chess"]
[Black "Fighter008"]
[Result "0-1"]
[WhiteElo "2245"]
[BlackElo "2574"]
[TimeControl "180+1"]
[EndTime "10:56:15 PDT"]
[Termination "Fighter008 won by resignation"]

1. e4 c5 2. Nc3 a6 3. Nge2 e6 4. d4 cxd4 5. Nxd4 d6 6. Be2 Nf6 7. O-O Be7 8. Be3 O-O 9. f4 Nc6 10. Bf3 Bd7 11. Kh1 Rc8 12. Qe1 b5 13. a3 Na5 14. Qg3 Nc4 15. Bc1 Re8 16. Nde2 Bf8 17. b3 Nb6 18. e5 Nfd5 19. Bb2 Ne3 20. Rfc1 Nf5 21. Qf2 dxe5 22. fxe5 Bc5 23. Qe1 Qg5 24. Ne4 Qe7 25. N2g3 Nh4 26. Be2 Be3 27. Nd6 Bc6 28.
Bf1 Bxc1 29. Rxc1 Nd5 30. Qf2 Ng6 31. c4 bxc4 32. bxc4 Ndf4 33. Nge4 Bxe4 34. Nxe4 Red8 35. Nd6 Rxd6 36. exd6 Qxd6 37. c5 Qc6 38. Kg1 Nd5 39. Bc4 h6 40. Bd3 Ngf4 41. Be4 f5 42. Qxf4 Nxf4 43.
Bxc6 Rxc6 44. Be5 Nd3 0-1

[Event "*** SCC Grand Prix: Titled Tuesday Blitz"]
[Site "Chess.com"]
[Date "2020.07.07"]
[Round "5"]
[White "monalize"]
[Black "MathiasWomacka"]
[Result "1/2-1/2"]
[WhiteElo "2263"]
[BlackElo "2427"]
[TimeControl "180+1"]
[EndTime "10:56:16 PDT"]
[Termination "Game drawn by agreement"]

1. e4 c5 2. Nf3 d6 3. d4 cxd4 4. Qxd4 Nc6 5. Qe3 Nf6 6. h3 g6 7. Be2 Bg7 8. O-O O-O 9. Rd1 Bd7 10. c4 a6 11. Nc3 Rb8 12. Rb1 Qa5 13. a3 b5 14. b4 Qc7 15. cxb5 axb5 16. Nxb5 Qb7 17. Nc3 Rfc8 18. Bb2 Be6 19. Nd5 Bxd5 20. exd5 Na7 21.
Qd3 Nb5 22. Nh2 Nc7 23. Bf3 Nd7 24. Bxg7 Kxg7 25. Qd4+ Ne5 26. a4 Kg8 27. Be2 Ne8 28. a5 Rc2 29. Rd2 Qc7 30. a6 Rxd2 31. Qxd2 Qb6 32.
b5 Nf6 33. Nf3 Ne4 34. Qe3 Nxf3+ 35. Bxf3 Nc5 36. Be4 Qa5 37. Kh2 Rxb5 38. Rxb5 Qxb5 39. a7 Qa5 40. Bxg6 Qxa7 41. Bh5 Qa4 42. Qg5+ Kf8 43. Bf3 Qd4 44. Qf5 Qe5+ 45. Qxe5 dxe5 46. Kg3 Kg7 47.
Bg4 Kg6 1/2-1/2

[Event "*** SCC Grand Prix: Titled Tuesday Blitz"]
[Site "Chess.com"]
[Date "2020.07.07"]
[Round "5"]
[White "ChronicUnhappiness"]
[Black "EfM13"]
[Result "1-0"]
[WhiteElo "2415"]
[BlackElo "2198"]
[TimeControl "180+1"]
[EndTime "10:56:16 PDT"]
[Termination "ChronicUnhappiness won by resignation"]

1. c4 e5 2. Nc3 d6 3. Nf3 f5 4. g3 Nf6 5. d4 e4 6. Nh4 g6 7. Ng2 Bg7 8. h4 Be6 9. d5 Bf7 10. Nf4 h6 11. Bh3 Qe7 12. h5 g5 13. Ng6 Bxg6 14.
hxg6 g4 15. Bg2 Nbd7 16. Be3 Ne5 17. Qb3 b6 18. Nb5 Nxg6 19. Nd4 Qd7 20. O-O-O Nf8 21.
Qb5 Qxb5 22. Nxb5 Kd7 23. Nd4 Ng8 24. Nxf5 Be5 25. Bxe4 Ne7 26. Nxh6 Nfg6 27. Nf7 Rhf8 28. Nxe5+ Nxe5 29. b3 Rae8 30. Rh7 Kc8 31. Rdh1 Nf5 32. Bxf5+ Rxf5 33. Rg7 Kb7 34. Rhh7 Rc8 35. Bf4 a5 36. Kd2 a4 37. Bxe5 axb3 38. axb3 Rxe5 39. Rxg4 Rce8 40.
e3 Rf8 41. f4 Re4 42. Rgg7 Rfe8 43. Rxc7+ Kb8 44. Rb7+ Ka8 45. Ra7+ Kb8 46. Rhb7+ Kc8 47. Rxb6 1-0

[Event "*** SCC Grand Prix: Titled Tuesday Blitz"]
[Site "Chess.com"]
[Date "2020.07.07"]
[Round "5"]
[White "Grischuk"]
[Black "Mykola-Bortnyk"]
[Result "1-0"]
[WhiteElo "3059"]
[BlackElo "2845"]
[TimeControl "180+1"]
[EndTime "10:56:17 PDT"]
[Termination "Grischuk won by resignation"]

1. e4 Nf6 2. e5 Nd5 3. d4 d6 4. Nf3 Nc6 5. Bb5 Bd7 6. Bc4 e6 7. O-O Nb6 8. Bb3 dxe5 9. dxe5 Na5 10. Qe2 c5 11. c4 Be7 12. Nc3 Bc6 13. Bf4 Nxb3 14. axb3 Qc7 15. Ne4 Bxe4 16. Qxe4 O-O 17. Rfd1 a6 18. Ng5 g6 19. h4 Rfd8 20. Nf3 Qc6 21.
Rxd8+ Bxd8 22. Qxc6 bxc6 23. Be3 Be7 24. Ng5 Nd7 25. f4 Bxg5 26. hxg5 Kf8 27. Kf2 Ke7 28. Ke2 Rb8 29. Ra3 Rb6 30. Kd3 Kf8 31. Kc3 Kg7 32. Ra5 h6 33. Bxc5 Nxc5 34. Rxc5 hxg5 35. fxg5 Kf8 36.
b4 Ke7 37. Ra5 Kd7 38. c5 Rb7 39. Rxa6 Kc7 40. Kc4 Kd7 41. Ra5 Kc7 42. b5 cxb5+ 43. Rxb5 Ra7 44. b4 Ra2 45. Ra5 Rxg2 46. Ra7+ Kb8 47.
Rxf7 Rxg5 48. Kb5 Rg4 49. c6 Re4 50. Kc5 Rxe5+ 51. Kb6 Rf5 52. Rb7+ Kc8 53. Ra7 Kd8 54. Ra8+ 1-0

[Event "*** SCC Grand Prix: Titled Tuesday Blitz"]
[Site "Chess.com"]
[Date "2020.07.07"]
[Round "5"]
[White "grandemestregringo"]
[Black "1977Ivan"]
[Result "1-0"]
[WhiteElo "2501"]
[BlackElo "2683"]
[TimeControl "180+1"]
[EndTime "10:56:17 PDT"]
[Termination "grandemestregringo won by checkmate"]

1. d4 Nf6 2. c4 e6 3. Nf3 c5 4. d5 d6 5. Nc3 g6 6. e4 Bg7 7. h3 O-O 8. Bd3 Nbd7 9. dxe6 fxe6 10. e5 Nxe5 11. Nxe5 dxe5 12. O-O Bd7 13. Ne4 Bc6 14. Nxc5 Qe7 15. Be3 e4 16. Be2 Nh5 17. Bxh5 gxh5 18.
Rb1 Rf5 19. b4 b6 20. b5 Rd8 21. Qc2 Ba8 22. Nxe4 Bd4 23. Rfe1 Qg7 24. Rbd1 Rff8 25.
Bxd4 Rxd4 26. Rxd4 Qxd4 27. Qe2 Bxe4 28. Qxe4 Qxf2+ 29.
Kh1 Rf6 30. a4 Rg6 31. Qa8+ Kg7 32. Qxa7+ Kh6 33. Rg1 e5 34. Qe7 Qf4 35. c5 bxc5 36.
Qxc5 e4 37. Qd4 Rg3 38. b6 Qf5 39. Qd6+ Rg6 40. Qd2+ Kg7 41. Qb2+ Kh6 42. b7 Rg3 43. b8=Q Rxh3+ 44. gxh3 Qxh3+ 45. Q8h2 Qf3+ 46. Qbg2 h4 47. Qxh4+ Qh5 48. Qg5# 1-0

[Event "*** SCC Grand Prix: Titled Tuesday Blitz"]
[Site "Chess.com"]
[Date "2020.07.07"]
[Round "5"]
[White "kirillshevchenko"]
[Black "swimmerchess"]
[Result "1-0"]
[WhiteElo "2953"]
[BlackElo "2814"]
[TimeControl "180+1"]
[EndTime "10:56:18 PDT"]
[Termination "kirillshevchenko won by resignation"]

1. d4 Nf6 2. c4 g6 3. Nc3 Bg7 4. e4 d6 5. Nf3 O-O 6. Be3 Nbd7 7. Be2 e5 8. O-O Ng4 9. Bg5 f6 10. Bh4 g5 11. Bg3 Nh6 12. Qc2 f5 13. exf5 exd4 14. f6 Qxf6 15. Ne4 Qg6 16. Bd3 Nf5 17. Nfxg5 Ne5 18.
Bxe5 dxe5 19. Nf3 Kh8 20. Ng3 Qf7 21. Ng5 Qg6 22. N5e4 h5 23. Qe2 h4 24. Qh5+ Qxh5 25.
Nxh5 Bh6 26. Nhf6 Be6 27. Rfe1 Bg7 28. Nd5 Bxd5 29. cxd5 Rad8 30. Rac1 Ne7 31. Rxc7 Nxd5 32. Rxb7 Nf4 33. Bc4 d3 34. Ng5 d2 35. Rd1 Rd4 36. b3 e4 37. Re7 Rf5 38. Re8+ Bf8 39. Nxe4 Kg7 40. Rxd2 Rxd2 41. Nxd2 Bc5 42. Ne4 Bb6 43.
Re7+ Kf8 44. Rh7 Ng6 45. g3 hxg3 46. hxg3 Ne5 47. Kg2 Nxc4 48. bxc4 Re5 49. Kf3 Ra5 50. c5 Bxc5 51. Nxc5 Rxc5 52. Rxa7 1-0

[Event "*** SCC Grand Prix: Titled Tuesday Blitz"]
[Site "Chess.com"]
[Date "2020.07.07"]
[Round "5"]
[White "bugsbunny444"]
[Black "GMKrikor"]
[Result "0-1"]
[WhiteElo "2490"]
[BlackElo "2682"]
[TimeControl "180+1"]
[EndTime "10:56:18 PDT"]
[Termination "GMKrikor won on time"]

1. Nf3 d5 2. c4 d4 3. b4 c5 4. g3 cxb4 5. a3 bxa3 6. Bxa3 Nc6 7. Bg2 e5 8. Bxf8 Kxf8 9. d3 g6 10. O-O Kg7 11. Nbd2 Nf6 12. Qa4 Bd7 13. Rfb1 Qc7 14.
Ng5 a5 15. Qb5 h6 16. Nge4 Nxe4 17. Nxe4 Nb4 18. Qc5 Bc6 19. Nd6 f6 20. Bxc6 bxc6 21. Nb5 Qd7 22. Nd6 Na6 23. Qa3 Nb4 24. Ne4 Rhb8 25. Rb2 Qe7 26. Rab1 h5 27. Nd2 c5 28. Qa4 Qc7 29. Nb3 Kh6 30. Ra1 Qb6 31. Rbb1 Rb7 32.
Rb2 Rba7 33. Nc1 Qc7 34. h4 Qd6 35. Nb3 e4 36. Nc1 e3 37. Qb5 exf2+ 38. Kxf2 Qe5 39.
Qb6 Re7 40. Kg2 Rae8 41. Nb3 Qf5 42. Rf1 Rxe2+ 0-1

[Event "*** SCC Grand Prix: Titled Tuesday Blitz"]
[Site "Chess.com"]
[Date "2020.07.07"]
[Round "5"]
[White "Brave_spirit12"]
[Black "davidkalashian"]
[Result "1-0"]
[WhiteElo "2472"]
[BlackElo "2612"]
[TimeControl "180+1"]
[EndTime "10:56:18 PDT"]
[Termination "Brave_spirit12 won on time"]

1. e4 c5 2. c3 Nf6 3. e5 Nd5 4. d4 cxd4 5. cxd4 Nc6 6. Nf3 d6 7. Nc3 Nxc3 8. bxc3 d5 9. Bd3 Bg4 10. O-O e6 11. Bf4 Rc8 12. Rb1 Qd7 13. Qb3 Bxf3 14. gxf3 Rc7 15. Rfc1 Be7 16. a4 O-O 17. Kh1 Rfc8 18.
Rg1 Bf8 19. Qc2 Nxd4 20. Bxh7+ Kh8 21. Qd3 Rxc3 22. Qxd4 Kxh7 23. Be3 R8c4 24. Qxa7 Rxa4 25. Qxb7 Qxb7 26. Rxb7 Kg8 27. Rb8 Rb4 28. Ra8 Rcb3 29. Rc1 Rb8 30. Rc8 Rxc8 31. Rxc8 Rb5 32. Kg2 f6 33.
exf6 Kf7 34. fxg7 Bxg7 35. Rc7+ Kg6 36. h4 Bf6 37. Kh3 d4 38. Bf4 Rb2 39. Kg4 Bh8 40. h5+ Kf6 41. Rh7 Bg7 42. h6 Bf8 43. Bg5+ Kg6 44. Rh8 Rb5 45. Rg8+ Kh7 46. Rxf8 Rb7 47. Kh5 1-0

[Event "*** SCC Grand Prix: Titled Tuesday Blitz"]
[Site "Chess.com"]
[Date "2020.07.07"]
[Round "5"]
[White "sri5996"]
[Black "Semetey"]
[Result "0-1"]
[WhiteElo "2291"]
[BlackElo "2472"]
[TimeControl "180+1"]
[EndTime "10:56:18 PDT"]
[Termination "Semetey won by resignation"]

1. d4 Nf6 2. Bf4 d5 3. Nc3 c6 4. e3 Bf5 5. f3 e6 6. g4 Bg6 7. h4 h6 8. Bd3 Bxd3 9. Qxd3 Nbd7 10. Nge2 Qb6 11. Kf2 a6 12. Rag1 c5 13. dxc5 Nxc5 14.
Qd4 O-O-O 15. a4 Bd6 16. b4 Ncd7 17. Bxd6 Qxd6 18. b5 a5 19. e4 e5 20. Qa7 d4 21.
Nd5 Nxd5 22. exd5 Qb6 23. Qxb6 Nxb6 24. f4 f6 25. fxe5 fxe5 26. Ng3 Rhf8+ 27. Kg2 Nxd5 28.
Nf5 Rd7 29. Re1 Re8 30. Kg3 Nc3 31. Rhf1 b6 32. Rf3 Nxa4 33. Rd3 Nc3 34. Nxd4 Nd5 35. Nc6 e4 36. Rd4 Nf6 37. Rxd7 Kxd7 38. g5 hxg5 39.
hxg5 Nd5 40. Kg4 e3 41. Kf3 Kd6 42. Ke2 Kc5 43. Rd1 Nc3+ 44. Ke1 Nxd1 45. Kxd1 Kxb5 46. Nd4+ Kc4 47. Ne2 a4 0-1

[Event "*** SCC Grand Prix: Titled Tuesday Blitz"]
[Site "Chess.com"]
[Date "2020.07.07"]
[Round "5"]
[White "Anton_Demchenko"]
[Black "AndrewMaco"]
[Result "0-1"]
[WhiteElo "2855"]
[BlackElo "2634"]
[TimeControl "180+1"]
[EndTime "10:56:19 PDT"]
[Termination "AndrewMaco won on time"]

1. d4 Nf6 2. Nf3 d5 3. Bf4 e6 4. e3 Bd6 5. Ne5 O-O 6. Nd2 c5 7. c3 Qc7 8. Bd3 Nbd7 9. Ndf3 Ne4 10. O-O b6 11. Rc1 Bb7 12. c4 dxc4 13. Bxe4 Bxe4 14. Nxd7 Bxf3 15. gxf3 Rfd8 16. Bxd6 Qxd6 17. Ne5 b5 18. f4 f6 19. Nf3 Qd5 20. Qe2 cxd4 21. Nxd4 e5 22.
fxe5 fxe5 23. Nf5 Qe4 24. Ng3 Qg6 25. b3 cxb3 26. axb3 a6 27. Rc5 Rd3 28. Rxe5 Rxb3 29. Qa2 Qf7 30. Rf5 Qc4 31. Rf4 Qe6 32. Nf5 Rxe3 33. Qxe6+ Rxe6 34. Rc1 a5 35. Rg4 g6 36. Rc7 a4 37. Nh6+ Kh8 38. Rd4 g5 39. Nf7+ Kg8 40. Rd5 a3 41. Rxg5+ Rg6 42. Nh6+ Kh8 43. Nf7+ Kg7 44.
Ne5+ Kf6 0-1

[Event "*** SCC Grand Prix: Titled Tuesday Blitz"]
[Site "Chess.com"]
[Date "2020.07.07"]
[Round "5"]
[White "Ze-Pequeno"]
[Black "boasovietica"]
[Result "0-1"]
[WhiteElo "2239"]
[BlackElo "2461"]
[TimeControl "180+1"]
[EndTime "10:56:19 PDT"]
[Termination "boasovietica won by resignation"]

1. e4 e5 2. Nf3 Nc6 3. Bb5 a6 4. Ba4 Nf6 5. O-O Be7 6. Re1 b5 7. Bb3 d6 8. c3 O-O 9. h3 Bb7 10. d4 Nd7 11. Nbd2 exd4 12. cxd4 Bf6 13. Nf1 Na5 14. Bc2 Re8 15. Ng3 g6 16. b3 c5 17.
Bb2 Nc6 18. Rc1 Rc8 19. Ba1 cxd4 20. Nxd4 Nc5 21. Nxc6 Bxc6 22. b4 Ne6 23. Bb3 Bxa1 24. Rxa1 Nf4 25. Qd2 Qf6 26. Rad1 Rcd8 27. Kh2 h5 28. f3 h4 29. Nf1 Qe5 30. Kg1 Bb7 31. Ne3 Qg5 32. Ng4 Kh7 33. Kh2 f5 34. exf5 gxf5 35.
Ne3 d5 36. Bc2 Bc8 37. Nf1 Rg8 38. Ne3 Rg7 39. Rg1 Rdg8 40. Rde1 Qg3+ 41. Kh1 Nxh3 42.
Nf1 Nf2+ 43. Qxf2 Qxf2 44. Re7 Rxe7 0-1

[Event "*** SCC Grand Prix: Titled Tuesday Blitz"]
[Site "Chess.com"]
[Date "2020.07.07"]
[Round "5"]
[White "Chess_Boxer123"]
[Black "NormWeinstein"]
[Result "0-1"]
[WhiteElo "2645"]
[BlackElo "2452"]
[TimeControl "180+1"]
[EndTime "10:56:20 PDT"]
[Termination "NormWeinstein won on time"]

1. d4 c5 2. d5 e5 3. e4 d6 4. Nc3 Be7 5. a4 Bg5 6. Bd3 Bxc1 7. Rxc1 Nf6 8. f3 O-O 9. Nge2 Nbd7 10. g4 Ne8 11. h4 a6 12. Qd2 Kh8 13. Ng3 Qa5 14.
h5 Rb8 15. g5 b5 16. axb5 axb5 17. Nxb5 Rxb5 18. Bxb5 Qxb5 19. Nf5 Nb6 20. g6 Bxf5 21.
exf5 h6 22. b3 c4 23. O-O Nf6 24. f4 e4 25. Qd4 Nxh5 26. bxc4 Nxc4 27. Rb1 Qc5 28.
Qxc5 dxc5 29. Rb7 fxg6 30. fxg6 Kg8 31. f5 Nf6 32. Rc7 Ne3 33. Re1 Nxf5 34. c4 Nd4 35. Ra1 e3 36. Raa7 Nh5 37. Rf7 e2 38. Rxf8+ Kxf8 39. Kf2 Nf6 40. d6 Ne4+ 41. Ke1 Nxd6 42. Ra8+ Ke7 43. Ra7+ Kf6 44. Ra6 Ke5 45. Ra7 N6f5 46. Rf7 Ng3 47. Rxg7 Nc2+ 0-1

[Event "*** SCC Grand Prix: Titled Tuesday Blitz"]
[Site "Chess.com"]
[Date "2020.07.07"]
[Round "5"]
[White "ZverevLev"]
[Black "Th3_Hound"]
[Result "0-1"]
[WhiteElo "2342"]
[BlackElo "2524"]
[TimeControl "180+1"]
[EndTime "10:56:20 PDT"]
[Termination "Th3_Hound won by resignation"]

1. e4 e5 2. Nf3 Nc6 3. Bc4 Bc5 4. c3 d6 5. d3 Nf6 6. Bb3 h6 7.
Nbd2 a6 8. h3 Ba7 9. Nf1 Ne7 10.
Be3 Bxe3 11. Nxe3 Ng6 12. O-O O-O 13. d4 Qe7 14. dxe5 dxe5 15. Nd5 Nxd5 16. exd5 Qf6 17. Nh2 Nf4 18. Ng4 Qg5 19. Kh2 h5 20. Ne3 Bd7 21. Qf3 Bb5 22. c4 Bd7 23. Qg3 Qh6 24. h4 Rae8 25.
Qg5 Qxg5 26. hxg5 f6 27. gxf6 gxf6 28. c5 Kg7 29. Rac1 e4 30. Rfd1 Nd3 31. Rc2 f5 32. c6 bxc6 33. dxc6 Be6 34. Bxe6 Rxe6 35. f3 Nb4 36. Rd7+ Kg6 37. Rc4 Nxc6 38. Nd5 Ne5 39. Nf4+ Kf6 40. Nxe6 Kxe6 41. Rdxc7 Nxc4 42. Rxc4 e3 43. f4 Kd5 44. Rc1 Ke4 45. Kg3 Rg8+ 46. Kh4 Rxg2 47.
Kxh5 e2 48. b4 Kxf4 49. a4 Ke3 50. b5 axb5 51. axb5 f4 52. b6 Rg8 53. b7 Rb8 54.
Kg4 Rxb7 0-1

[Event "*** SCC Grand Prix: Titled Tuesday Blitz"]
[Site "Chess.com"]
[Date "2020.07.07"]
[Round "5"]
[White "PavelShkapenko"]
[Black "SaqoChess_Twitch"]
[Result "0-1"]
[WhiteElo "2592"]
[BlackElo "2443"]
[TimeControl "180+1"]
[EndTime "10:56:22 PDT"]
[Termination "SaqoChess_Twitch won by resignation"]

1. e4 c5 2. c3 d5 3. exd5 Qxd5 4. Nf3 e6 5. d4 Nf6 6. Be2 Nc6 7. O-O Be7 8. c4 Qd6 9. dxc5 Qxd1 10. Rxd1 Bxc5 11. Nc3 O-O 12. a3 Bd7 13. b4 Be7 14. Bf4 Rfd8 15.
Nb5 a6 16. Nd6 Bxd6 17. Bxd6 Be8 18. Bc7 Rxd1+ 19. Rxd1 Rc8 20. Bb6 Nd7 21. Be3 Rd8 22. b5 axb5 23. cxb5 Ne7 24. a4 Ra8 25. Ra1 Nd5 26. Bd4 f6 27. Bc4 Bf7 28. Bxd5 exd5 29. a5 Be8 30. a6 bxa6 31. bxa6 Nb8 32. a7 Nc6 33. Bc5 Ne5 34. Nxe5 fxe5 35. Re1 e4 36. Rb1 Kf7 37. Rb7+ Ke6 38. Rxg7 h5 39. Kf1 Rc8 40. Rc7 Rxc7 41. a8=Q Bb5+ 42. Ke1 Rxc5 43. Qa7 Rc2 44. Qb6+ Bc6 45. Kd1 Rc4 46. Kd2 d4 47. Qa6 Kd5 48.
Qa5+ Rc5 49. Qd8+ Kc4 50. Qg8+ Bd5 51. Qa8 Bxa8 0-1

[Event "*** SCC Grand Prix: Titled Tuesday Blitz"]
[Site "Chess.com"]
[Date "2020.07.07"]
[Round "5"]
[White "Rap_woyska"]
[Black "Aygehovit1992"]
[Result "0-1"]
[WhiteElo "2434"]
[BlackElo "2632"]
[TimeControl "180+1"]
[EndTime "10:56:23 PDT"]
[Termination "Aygehovit1992 won by resignation"]

1. c4 g6 2. Nf3 Bg7 3. Nc3 c5 4. e3 Nf6 5. d4 cxd4 6. exd4 O-O 7.
d5 d6 8. Bd3 Bg4 9. h3 Bxf3 10.
Qxf3 Nbd7 11. Qe2 Rc8 12. O-O Ne5 13. Bd2 Nfd7 14. b3 Nxd3 15. Qxd3 a6 16. Rae1 Re8 17. f4 Qc7 18. f5 b5 19. fxg6 hxg6 20. Qf3 Bf6 21. Ne4 bxc4 22. Rc1 Qb6+ 23. Be3 Qb5 24. Bg5 cxb3 25. Rxc8 Rxc8 26. Bxf6 Nxf6 27. Nxf6+ exf6 28. Qxf6 Qxd5 29. axb3 Qxb3 30. Qxd6 a5 31. Rf3 Qb1+ 32. Kh2 Qb8 33. Qxb8 Rxb8 34. Kg3 Ra8 35. Kf4 a4 36. Ra3 Kg7 37. Ke5 f5 38. g4 fxg4 39. hxg4 Kh6 40. Kd6 Kg5 41. Kc7 Kxg4 42. Kb7 Ra5 43. Kb6 Rf5 44. Rxa4+ Kh3 45. Kc6 g5 46. Kd6 g4 47.
Ke6 Rh5 48. Ra1 g3 0-1

[Event "*** SCC Grand Prix: Titled Tuesday Blitz"]
[Site "Chess.com"]
[Date "2020.07.07"]
[Round "5"]
[White "FrenchMonster2002"]
[Black "Supernotar"]
[Result "1-0"]
[WhiteElo "2460"]
[BlackElo "2789"]
[TimeControl "180+1"]
[EndTime "10:56:24 PDT"]
[Termination "FrenchMonster2002 won by checkmate"]

1. e4 c6 2. d4 d5 3. e5 Bf5 4. h4 h5 5. Bg5 f6 6. Bf4 fxe5 7. Bxe5 Nd7 8. Bg3 e6 9. Bd3 Nh6 10. Nf3 Be7 11. Nc3 Bf6 12. Qe2 Qe7 13. O-O-O Bxd3 14. Rxd3 Nf5 15. Re1 Nxg3 16. fxg3 Kf7 17. Re3 Rae8 18.
Nd1 Qd6 19. Nf2 c5 20. Ne5+ Bxe5 21. dxe5 Qc7 22. Nh3 Ke7 23. Nf4 Kd8 24. Nxh5 Re7 25. Nf4 Rh6 26. h5 d4 27. Re4 Nb6 28. g4 Nd5 29. g5 Nxf4 30. Rxf4 Rh8 31. Qf3 Qc6 32.
Qxc6 bxc6 33. g4 Ke8 34. Ref1 a6 35. a4 Kd7 36. b3 Rg8 37. g6 Rh8 38. Rf7 Re8 39.
Rxe7+ Rxe7 40. Rf8 Re8 41. Rxe8 Kxe8 42. g5 a5 43. h6 gxh6 44. gxh6 Kf8 45. Kd2 Kg8 46.
Kd3 c4+ 47. Kxc4 c5 48. Kxc5 d3 49. cxd3 Kh8 50. Kd6 Kg8 51. Ke7 Kh8 52. g7+ Kg8 53. Kf6 Kh7 54. Kf7 Kxh6 55. g8=Q Kh5 56. Kf6 Kh6 57. Qg6# 1-0

[Event "*** SCC Grand Prix: Titled Tuesday Blitz"]
[Site "Chess.com"]
[Date "2020.07.07"]
[Round "5"]
[White "Tactictic"]
[Black "j2806"]
[Result "1-0"]
[WhiteElo "2286"]
[BlackElo "2050"]
[TimeControl "180+1"]
[EndTime "10:56:24 PDT"]
[Termination "Tactictic won by checkmate"]

1. e4 c5 2. Nf3 d6 3. d4 cxd4 4. Nxd4 Nf6 5. Nc3 a6 6. Be3 e5 7. Nf3 Be6 8. Ng5 Nc6 9. Nxe6 fxe6 10. Bc4 Qd7 11. O-O Be7 12. Bg5 O-O 13. Qf3 b5 14.
Bb3 Nd4 15. Qd3 h6 16. Be3 Nxb3 17. axb3 d5 18. exd5 exd5 19. Rfd1 Rfd8 20. Qg6 Kh8 21. Bxh6 gxh6 22. Qxh6+ Nh7 23. Nxd5 Bg5 24. Qh5 Qb7 25. h4 Rxd5 26. hxg5 Rxd1+ 27. Rxd1 Rg8 28. g6 Rg7 29.
Rd8+ Rg8 30. Rxg8+ Kxg8 31. Qxh7+ Qxh7 32. gxh7+ Kxh7 33. Kf1 Kg6 34. Ke2 Kf5 35. Ke3 e4 36. f3 exf3 37. gxf3 Ke5 38. f4+ Kf5 39. Kf3 a5 40.
Kg3 Ke4 41. Kg4 Ke3 42. f5 Kd2 43. f6 Kxc2 44. f7 Kxb2 45. f8=Q Kxb3 46. Qf3+ Kb4 47. Qe4+ Ka3 48. Qd3+ Ka4 49. Qc3 b4 50. Qc2+ b3 51.
Qc4+ Ka3 52. Qb5 a4 53. Kf3 b2 54. Qd3+ Ka2 55. Qc2 a3 56. Ke2 Ka1 57. Qc3 a2 58.
Qd4 Kb1 59. Qd1# 1-0

[Event "*** SCC Grand Prix: Titled Tuesday Blitz"]
[Site "Chess.com"]
[Date "2020.07.07"]
[Round "5"]
[White "UCantHandleDenker"]
[Black "goofypenguin96"]
[Result "1/2-1/2"]
[WhiteElo "2534"]
[BlackElo "2395"]
[TimeControl "180+1"]
[EndTime "10:56:25 PDT"]
[Termination "Game drawn - insufficient material"]

1. Nf3 g6 2. g3 Nf6 3. Bg2 Bg7 4.
O-O O-O 5. c4 c6 6. d4 d5 7. cxd5 cxd5 8. Nc3 Nc6 9. Ne5 Bf5 10.
Qb3 Nxd4 11. Qxb7 e6 12. Nc6 Nxc6 13. Qxc6 Rc8 14. Qa6 Qd7 15. Rd1 Rc6 16. Qa5 Qc7 17. Qxc7 Rxc7 18. Bf4 Rb7 19. Na4 Nh5 20. Be3 Bc2 21.
Nc5 Rxb2 22. Rd2 Rb1+ 23. Rxb1 Bxb1 24. Nb3 Rc8 25. Bf3 Nf6 26. Bxa7 Ra8 27. Bd4 Rxa2 28. Rxa2 Bxa2 29. Nc5 Bb1 30. e3 Be4 31. Nxe4 Nxe4 32. Bxg7 Kxg7 33. Be2 f5 34. f3 Nc5 35. Kf2 Kf6 36. Bf1 e5 37. Ke2 g5 38. h3 Ne6 39.
Kf2 h5 40. Ba6 f4 41. Bb7 fxg3+ 42. Kxg3 d4 43. Kf2 Ke7 44. exd4 exd4 45. Be4 Nf4 46. Kg3 h4+ 47. Kg4 Kf6 48. Bc2 d3 49. Bd1 d2 50.
Bc2 Ne2 51. Bb3 Nc3 52. f4 gxf4 53. Kxf4 d1=Q 54. Bxd1 Nxd1 55. Kg4 Nf2+ 56. Kxh4 Nxh3 1/2-1/2

[Event "*** SCC Grand Prix: Titled Tuesday Blitz"]
[Site "Chess.com"]
[Date "2020.07.07"]
[Round "5"]
[White "SharapovEvgeny"]
[Black "Msb2"]
[Result "1/2-1/2"]
[WhiteElo "2441"]
[BlackElo "2854"]
[TimeControl "180+1"]
[EndTime "10:56:26 PDT"]
[Termination "Game drawn - insufficient material"]

1. e4 e6 2. d4 d5 3. exd5 exd5 4. Nf3 Nc6 5. Bd3 Bd6 6. O-O Nge7 7. c3 Bg4 8. h3 Bh5 9. Bg5 f6 10. Bh4 Qd7 11. Nbd2 O-O-O 12. Bg3 g5 13. Bxd6 Qxd6 14. Qc2 Bg6 15. Rfe1 Rde8 16. Re2 Bxd3 17. Qxd3 Ng6 18.
Qf5+ Kd8 19. Rae1 Rxe2 20. Rxe2 Re8 21. Rxe8+ Kxe8 22. g3 Nce7 23. Qd3 c6 24. Kg2 Qe6 25. Nf1 Nf5 26. Ne3 Nxe3+ 27. Qxe3 Qxe3 28. fxe3 h6 29. Kf2 Ke7 30. Ke2 f5 31. Kd3 Kf6 32. Nd2 h5 33. c4 h4 34. gxh4 Nxh4 35. cxd5 cxd5 36. Ke2 g4 37. hxg4 fxg4 38. e4 Ke6 39. Ke3 g3 40.
Ke2 b6 41. Ke3 dxe4 42. Nxe4 Nf5+ 43. Kf3 Kd5 44. Nc3+ Kc4 45. d5 Kc5 46. d6 Nxd6 47. Kxg3 Kd4 48. Kf4 a6 49. Na4 b5 50. Nb6 b4 51. b3 a5 52. Kg5 Ne4+ 53. Kf5 Nc3 54. Ke6 Nxa2 55. Kd6 Nc1 56. Kc6 Nxb3 57. Kb5 Kc3 58.
Nd5+ Kb2 59. Nxb4 axb4 60. Kxb4 1/2-1/2

[Event "*** SCC Grand Prix: Titled Tuesday Blitz"]
[Site "Chess.com"]
[Date "2020.07.07"]
[Round "5"]
[White "BocharovD"]
[Black "David_Paravyan"]
[Result "0-1"]
[WhiteElo "2752"]
[BlackElo "2987"]
[TimeControl "180+1"]
[EndTime "10:56:27 PDT"]
[Termination "David_Paravyan won on time"]

1. c4 c5 2. Nf3 Nf6 3. d4 cxd4 4.
Nxd4 e5 5. Nb5 d5 6. cxd5 Bc5 7. N5c3 O-O 8. g3 Ng4 9. e3 f5 10. Be2 Nd7 11. O-O Ndf6 12. h3 Nh6 13. Kg2 Bd7 14.
Nd2 Qe8 15. a3 Rc8 16. Nf3 Bd6 17. Qb3 f4 18. exf4 exf4 19. Bxf4 Bxf4 20. gxf4 Nh5 21.
Bb5 Nxf4+ 22. Kh2 Rxc3 23. Qxc3 Bxb5 24. Rg1 Nf5 25. Qe5 Qxe5 26. Nxe5 Re8 27. Ng4 Nxd5 28. Rad1 Nfe7 29. Rd4 Kh8 30. Re1 Bc6 31. Ne5 Rf8 32. Kg1 Nf5 33. Rg4 Nf6 34. Rf4 g6 35. Nxc6 bxc6 36. Re6 Nd5 37. Rf3 Rc8 38. Re5 Kg7 39. Re4 Kf6 40. Ra4 Rc7 41. Ra6 Ke5 42. Rb3 Kd6 43.
Rb8 Nd4 44. Rd8+ Kc5 45. b4+ Kc4 46. Ra8 Nb5 47. a4 Nxb4 48. R6xa7 Nxa7 0-1